 Dungeon Crawl Stone Soup version 0.27-a0-1144-g0b7d3b79db (webtiles) character file.

Game seed: 9618706683782825699

130 robertstho the Sneak (level 5, 0/37 HPs)
             Began as an Octopode Berserker on May 10, 2021.
             Was a Believer of Trog.
             Slain by a wyvern (20 damage)
             ... on level 3 of the Dungeon.
             The game lasted 00:02:38 (2268 turns).

robertstho the Sneak (Octopode Berserker)           Turns: 2268, Time: 00:02:38

Health: 0/37       AC:  1    Str: 16    XL:     5   Next: 14%
Magic:  5/5        EV: 14    Int:  9    God:    Trog [**....]
Gold:   138        SH:  0    Dex: 13    Spells: 4/4 levels left

rFire    . . .     SeeInvis .   a - +0 short sword (elec)
rCold    . . .     Faith    .   (no shield)
rNeg     . . .     Spirit   .   (helmet restricted)
rPois    .         Reflect  .   (no amulet)
rElec    .         Harm     .   (no ring)
rCorr    .         Rampage  .   (no ring)
Will     .....                  (no ring)
Stlth    +++.......             (no ring)
HPRegen  0.12/turn              (no ring)
MPRegen  0.09/turn              (no ring)
                                (no ring)
                                (no ring)

@: no status effects
A: almost no armour, amphibious, 8 rings, camouflage 1, gelatinous body 1,
(nimble swimmer 1), tentacles
a: Renounce Religion, Berserk, Trog's Hand


You were on level 3 of the Dungeon.
You worshipped Trog.
Trog was pleased with you.
You visited 1 branch of the dungeon, and saw 3 of its levels.

You collected 138 gold pieces.

Inventory:

Hand Weapons
 a - a +0 short sword of electrocution (weapon)
Scrolls
 b - 2 scrolls of identify
 e - a scroll of teleportation
 h - a scroll of blinking
Potions
 c - a potion of heal wounds {unknown}
 d - a potion of curing {unknown}
 f - a potion of resistance {unknown}
 g - a potion of cancellation {unknown}


   Skills:
 * Level 3.7 Fighting
 + Level 3.7 Short Blades
 + Level 3.4 Dodging
 * Level 4.1 Stealth


You had 4 spell levels left.
You didn't know any spells.
Your spell library was empty.

Dungeon Overview and Level Annotations

Branches:
Dungeon (3/15)

Altars:
Vehumet
Wu Jian
Zin

Annotations:
D:3 1 runed translucent door, Crazy Yiuf


Innate Abilities, Weirdness & Mutations

You cannot wear most types of armour.
You are amphibious.
You can wear up to eight rings at the same time.
Your skin changes colour to match your surroundings (Stealth+).
Your rubbery body absorbs attacks. (AC +1, EV +1)
((You are camouflaged near water. (Stealth+)))
You have tentacles for arms and can constrict up to eight enemies at once.


Message History

A jackal is nearby!
A jackal is nearby!
A jackal is nearby!
A jackal is nearby!
The helpless jackal fails to defend itself.
You puncture the jackal!
You kill the jackal!
Trog accepts your kill.
No target in view!
No target in view! 2 jackals and a wyvern come into view.
You see here a jackal corpse.
There are monsters nearby!
There are monsters nearby!
There are monsters nearby!
There are monsters nearby!
The helpless jackal fails to defend itself.
You puncture the jackal!
You kill the jackal!
Trog accepts your kill.
The helpless jackal fails to defend itself.
You puncture the jackal!
You kill the jackal!
Trog accepts your kill.
You see here a jackal corpse.
The helpless wyvern fails to defend itself.
You impale the wyvern!!
The wyvern is severely wounded.
The wyvern barely misses you. The wyvern bites you.
You hit the wyvern but do no damage.
The wyvern is severely wounded.
The wyvern bites you.
You closely miss the wyvern.
The wyvern is severely wounded.
The wyvern closely misses you.
You hit the wyvern but do no damage.
The wyvern is severely wounded.
The wyvern bites you! The wyvern bites you!!
Ouch! That really hurt!
You die...

..###.####### #..
#.# #.# ##.. #.#
#.#
###...#####.###.#
.......#:....)..#
##.....#.##.#####
.......#.##.#
.......#.##†#
#....l@....#
############


You could see a wyvern.

Vanquished Creatures
  A centaur zombie (D:3)
  3 adders
  2 worms (D:2)
  2 dart slugs (D:2)
  4 ball pythons
  4 bats
  8 endoplasms
  A giant cockroach (D:1)
  7 goblins
  8 hobgoblins
  3 jackals (D:3)
  3 kobolds (D:2)
  A quokka (D:1)
  2 frilled lizards
  8 rats
57 creatures vanquished.

Notes
Turn   | Place    | Note
-------+----------+-------------------------------------------
     0 | D:1      | robertstho the Octopode Berserker began the quest for the
                  | Orb.
     0 | D:1      | Reached XP level 1. HP: 16/16 MP: 1/1
   195 | D:1      | Reached XP level 2. HP: 21/21 MP: 2/2
   303 | D:1      | Reached skill level 1 in Stealth
   529 | D:1      | Reached XP level 3. HP: 26/26 MP: 3/3
   609 | D:1      | Reached ** piety under Trog
   934 | D:2      | Reached skill level 2 in Stealth
  1018 | D:2      | Found a faded altar of an unknown god.
  1186 | D:2      | Reached XP level 4. HP: 27/32 MP: 4/4
  1386 | D:2      | Reached skill level 3 in Stealth
  1584 | D:2      | Found a glowing silver altar of Zin.
  1903 | D:3      | Found a radiant altar of Vehumet.
  1989 | D:3      | Found an ornate altar of the Wu Jian Council.
  2179 | D:3      | Found a runed translucent door.
  2180 | D:3      | Noticed Crazy Yiuf
  2241 | D:3      | Reached skill level 4 in Stealth
  2241 | D:3      | Reached XP level 5. HP: 36/37 MP: 5/5
  2258 | D:3      | Noticed a wyvern
  2268 | D:3      | Slain by a wyvern

Illustrated notes

Levels and vault maps discovered:
D:1:      dpeg_arrival_pond, layout_basic, minmay_pentomino_r4
D:2:      layout_basic, basic_altar, basic_ecumenical_altar
D:3:      layout_loops_corners, lemuel_tele_altar, overflow_temple_1_default,
          nicolae_gozag_zags_fifth_avenue, kennysheep_generic_room_8,
          uniq_crazy_yiuf_cottage

Skill      XL: |  1  2  3  4 |
---------------+-------------+-----
Stealth        | 1 2 4 |  4.1
Fighting       | |  3.7
Short Blades   | |  3.7
Dodging        | |  3.4

Action                   |  1- 3 |  4- 6 || total
-------------------------+-------+-------++-------
Melee: Short sword       |    62 |    37 ||    99
       Tentacles         |    16 |     5 ||    21
       Constrict         |    18 |     5 ||    23
  Use: Scroll            |     4 |     2 ||     6
 Stab: Sleeping          |     8 |    11 ||    19
Armor: Skin              |     1 |     3 ||     4
Dodge: Dodged            |    28 |    18 ||    46

Table legend: (Time is in decaauts)
 A = Elapsed time spent in this place.
 B = Non-inter-level travel time spent in this place.
 C = Inter-level travel time spent in this place.
 D = Time resting spent in this place.
 E = Time spent auto-exploring this place.
 F = Levels seen in this place.
 G = Mean time per level.
                   A        B        C        D        E       F      G
               +--------+--------+--------+--------+--------+-----+--------+
         Total |   2261 |   2235 |     26 |     47 |   1858 |   3 |  753.7 |
       Dungeon |   2261 |   2235 |     26 |     47 |   1858 |   3 |  753.7 |
               +--------+--------+--------+--------+--------+-----+--------+

Top non-repeatable levels by time:
     D:2: 954 daAuts
     D:1: 899 daAuts
     D:3: 406 daAuts
